Map: Lerilak Crest

Players

Visuals - Winner!

  • Race: Terran Terran
  • League: Diamond

LilDicky

  • Race: Terran Terran
  • League: Diamond

VOD

http://www.twitch.tv/tumescentpie

Description

Time

  • Played on: Dec. 12, 2015, 2:51 p.m.
  • Length: 4:57
Show
View Real Time Build Order
Export as new Build Order

Visuals Terran - Winner!

Build Orders: Hellion Banshee 

Get SALT Encoding   

  12  0:00  SCV  
  13  0:12  SCV  
  14  0:17  Supply Depot  
  14  0:25  SCV  
  15  0:38  SCV  
  15  0:39  Barracks  
  16  0:45  Refinery  
  16  0:50  SCV  
  17  1:02  SCV  
  18  1:14  SCV  
  19  1:26  Marine  
  19  1:28  Orbital Command  
  20  1:50  Command Center  
  20  1:55  Factory  
  20  2:03  Supply Depot  
  20  2:04  SCV  
  20  2:07  Barracks Reactor  
  21  2:12  Refinery  
  21  2:16  SCV  
  22  2:41  Hellion  
  22  2:44  Starport  
  22  2:52  Marine x2  
  23  3:09  Hellion  
  23  3:10  Marine x2  
  27  3:15  Orbital Command  
  27  3:17  SCV  
  28  3:20  Starport Tech Lab  
  28  3:35  SCV  
  29  3:44  Banshee  
  29  3:45  Orbital Command  
  29  3:46  Hellion x2  
  36  3:49  SCV  
  32  4:35  Hellion x2  
  32  4:36  SCV  
  32  4:37  SCV  
  37  4:41  Supply Depot  
  37  4:42  Engineering Bay  
Show
View Real Time Build Order
Export as new Build Order

LilDicky Terran 

Build Orders:  

Get SALT Encoding   

  12  0:03  SCV  
  13  0:18  SCV  
  14  0:25  Supply Depot  
  14  0:30  SCV  
  14  0:31  Refinery  
  15  0:46  SCV  
  15  0:47  Barracks  
  16  0:58  SCV  
  17  1:10  SCV  
  18  1:26  SCV  
  18  1:31  Refinery  
  19  1:35  Reaper  
  19  1:37  Supply Depot  
  21  1:40  Orbital Command  
  20  1:54  Factory  
  20  2:12  SCV  
  22  2:19  Supply Depot  
  22  2:24  SCV  
  23  2:30  Marine  
  23  2:36  SCV  
  24  2:50  SCV  
  24  2:51  Marine  
  26  2:53  Starport  
  26  3:02  SCV  
  26  3:13  Marine  
  26  3:16  Factory Tech Lab  
  27  3:26  Command Center  
  28  3:27  SCV  
  28  3:40  SCV  
  29  3:43  Banshee  
  29  3:44  Widow Mine  
  29  3:48  Marine  
  35  3:53  SCV  
  35  4:05  SCV, Marine  
  32  4:28  Command Center  
  31  4:38  SCV  
  35  4:52  Command Center  
Tags
 
Add a new tag
Caveats
  • Supply blocks, unpowered buildings, or Contaminate may cause inaccurate times.
  • Supply counts are checked every 10 seconds.